 Dungeon Crawl Stone Soup version 0.28-b1-25-g9875b3fc8c (webtiles) character file.

Game seed: 13286369445402808857

4 Masnef the Caller (level 1, 0/13 HPs)
             Began as a Gnoll Wanderer on Feb 6, 2022.
             Killed from afar by a dart slug (4 damage)
             ... with a slug dart
             ... on level 1 of the Dungeon.
             The game lasted 00:00:29 (200 turns).

Masnef the Caller (Gnoll Wanderer)                   Turns: 200, Time: 00:00:30

Health: 0/13       AC:  2    Str: 11    XL:     1   Next: 70%
Magic:  4/6        EV: 12    Int: 11    God:
Gold:   3          SH:  0    Dex: 11    Spells: 8/9 levels left

rFire   . . .      SeeInvis .   a - +0 club
rCold   . . .      Faith    .   (no shield)
rNeg    . . .      Spirit   .   b - +0 robe
rPois   .          Reflect  .   (no helmet)
rElec   .          Harm     .   (no cloak)
rCorr   .          Rampage  .   (no gloves)
Will    .....                   (no boots)
Stlth   +.........              (no amulet)
HPRegen 0.04/turn               (no ring)
MPRegen 0.10/turn               (no ring)

@: no status effects
A: fangs 1, strong nose, distributed training
a: no special abilities


You were on level 1 of the Dungeon.
You visited 1 branch of the dungeon, and saw 1 of its levels.

You collected 3 gold pieces.

Inventory:

Hand Weapons
 a - a +0 club (weapon)
Armour
 b - a +0 robe (worn)
Wands
 c - a wand of flame (6) (quivered)
Scrolls
 d - a scroll of immolation {unknown}
 e - a scroll of enchant armour {unknown}


   Skills:
 + Level 0.1 Fighting
 + Level 0.1 Short Blades
 + Level 0.1 Long Blades
 + Level 0.1 Axes
 + Level 0.1 Maces & Flails
 + Level 0.1 Polearms
 + Level 0.1 Staves
 + Level 0.1 Slings
 + Level 0.1 Bows
 + Level 0.1 Crossbows
 + Level 0.1 Throwing
 + Level 0.1 Armour
 + Level 2.4 Dodging
 + Level 0.1 Stealth
 + Level 0.1 Shields
 + Level 0.1 Unarmed Combat
 + Level 4.9 Spellcasting
 + Level 0.1 Conjurations
 + Level 3.6 Hexes
 + Level 5.3 Summonings
 + Level 0.1 Necromancy
 + Level 0.1 Translocations
 + Level 0.1 Transmutations
 + Level 0.1 Fire Magic
 + Level 0.1 Ice Magic
 + Level 0.1 Air Magic
 + Level 0.1 Earth Magic
 + Level 0.1 Poison Magic
 + Level 2.4 Invocations
 + Level 2.4 Evocations


You had 8 spell levels left.
You knew the following spells:

 Your Spells              Type           Power      Damage    Failure   Level
a - Summon Small Mammal   Summ           56%        N/A       2%          1

Your spell library contained the following spells:

 Spells                   Type           Power      Damage    Failure   Level
 Slow                     Hex            40%        N/A       4%          1
 Summon Guardian Golem    Hex/Summ       12%        N/A       11%         3
 Confusing Touch          Hex            10%        N/A       14%         3
 Anguish                  Hex/Necr       3%         N/A       69%         4


Dungeon Overview and Level Annotations

Branches:
Dungeon (1/15)

Altars:


Innate Abilities, Weirdness & Mutations

You have very sharp teeth.
Your uncanny sense of smell can sniff out nearby items.
Your experience applies equally to all skills.


Message History

The rat closely misses you.
You hit the rat. Your bite misses the rat.
The rat is severely wounded.
The rat bites you but does no damage.
You hit the rat.
You kill the rat!
You swap places.
Your quokka disappears in a puff of smoke!
Your bat disappears in a puff of smoke!
Magic restored.
HP restored.
You now have 3 gold pieces.
You see here a rat corpse.
e - a scroll labelled USKOT NOODYW
Found 14 sling bullets.
Found a stone staircase leading down.
A dart slug comes into view.
A dart slug is nearby!
A kobold comes into view. It is wielding a +0 whip.
A dart slug comes into view.
The kobold shouts!
The dart slug launches a dart at you. The slug dart hits you.
The kobold closely misses you.
Casting: Summon Small Mammal (safe; 2% risk of failure)
Confirm with . or Enter, or press ? or * to list all spells.
The kobold closely misses you. The dart slug launches a dart at you.
The slug dart hits you.
Casting: Summon Small Mammal (safe; 2% risk of failure)
Confirm with . or Enter, or press ? or * to list all spells.
The kobold hits you with a +0 whip.
You swap places.
Your quokka closely misses the kobold.
The dart slug launches a dart at you. The slug dart hits you.
The kobold misses your quokka.
Your rat misses the kobold.
Your quokka barely misses the kobold.
The kobold hits your quokka with a +0 whip.
The dart slug launches a dart at you. The slug dart hits you.
You die...

....#...# ... .
.#..#...######.###.#..#
....#............#.#..##.#
..................(.>.#...
............##........w...
###......#..#.............
.......###..#.............
#...[..###..#.............
................@...w.....
###########.######r.......
..#...#...#.# #.K......
⌠.#.⌠...<.#.# #r.......
..#...#...#.# #........
.###.###.##.# ######### .#
#.# #.##.# .###.###.##.#
..#...#...


You could see 2 dart slugs, a kobold (ally target) and a friendly quokka
(summoned).

Vanquished Creatures
  A bat (D:1)
  A giant cockroach (D:1)
  A hobgoblin (D:1)
  A rat (D:1)
4 creatures vanquished.

Notes
Turn   | Place    | Note
-------+----------+-------------------------------------------
     0 | D:1      | Masnef the Gnoll Wanderer began the quest for the Orb.
     0 | D:1      | Masnef set off with the following items: a +0 club, a +0
                  | robe, a wand of flame (6); and the following spells
                  | available to memorise: Summon Small Mammal, Slow, Summon
                  | Guardian Golem, Confusing Touch, Anguish
     0 | D:1      | Reached XP level 1. HP: 13/13 MP: 6/6
    40 | D:1      | Learned a level 1 spell: Summon Small Mammal
   200 | D:1      | Killed from afar by a dart slug

Illustrated notes

Levels and vault maps discovered:
D:1:      minmay_arrival_nine_rooms, layout_basic

Action                   || total
-------------------------++-------
Melee: Club              ||    11
       Bite              ||     2
       Punch             ||     1
 Cast: Summon Small Mamm ||     5
Armor: Robe              ||     7
Dodge: Dodged            ||    12
